 Dungeon Crawl Stone Soup version 0.25-a0-734-g73332ae (webtiles) character file.

Game seed: 17168372664486911911, levelgen mode: deterministic

2893 BlueFish the Thaumaturge (level 9, -6/65 HPs)
             Began as a Mummy Wizard on Apr 9, 2020.
             Was a Priest of Kikubaaqudgha.
             Mangled by a two-headed ogre
             ... wielding a +0 giant club
              (9 damage)
             ... on level 7 of the Dungeon.
             The game lasted 00:30:15 (12259 turns).

BlueFish the Thaumaturge (Mummy Wizard)            Turns: 12259, Time: 00:30:16

Health: -6/65      AC:  4    Str: 10    XL:     9   Next: 48%
Magic:  22/32      EV: 13    Int: 21    God:    Kikubaaqudgha [***...]
Gold:   445        SH:  0    Dex: 10    Spells: 4/28 levels left

rFire    . . .     SeeInvis .   l - +4 scythe (protect)
rCold    + . .     Gourm    .   (shield currently unavailable)
rNeg     + + +     Faith    .   e - +1 robe {rF+}
rPois    ∞         Spirit   .   b - +0 hat
rElec    .         Reflect  .   q - scarf {cloud immunity}
rCorr    .         Harm     .   h - +0 pair of gloves
MR       +....                  (no boots)
Stlth    ++........             (no amulet)
HPRegen  0.20/turn              g - ring of magical power
MPRegen  0.23/turn              (no ring)

@: no status effects
A: no food or potions, fire vulnerability, cold resistance 1, negative energy
resistance 3, torment resistance, unbreathing
a: Receive Corpses, Renounce Religion


You were on level 7 of the Dungeon.
You worshipped Kikubaaqudgha.
Kikubaaqudgha was most pleased with you.
You were not hungry.

You visited 1 branch of the dungeon, and saw 7 of its levels.
You also visited: Sewer.

You collected 445 gold pieces.

Inventory:

Hand Weapons
 l - a +4 scythe of protection (weapon)
Armour
 b - a +0 hat (worn)
 c - a +1 robe of magic resistance
 e - a +1 robe of fire resistance (worn)
 h - a +0 pair of gloves (worn)
 q - a scarf of cloud immunity (worn)
Jewellery
 g - a ring of magical power (left hand)
 r - a cursed amulet of inaccuracy {unknown}
Wands
 a - a wand of polymorph (10)
 d - a wand of digging (6)
 j - a wand of disintegration (5)
Scrolls
 f - 5 scrolls of remove curse
 i - a scroll of enchant weapon
 k - a scroll of amnesia
 m - a scroll of blinking
 n - a scroll of fog
 o - a scroll of teleportation
 p - a scroll of magic mapping {unknown}


   Skills:
 * Level 3.9 Fighting
   Level 1.0 Short Blades
 + Level 2.3 Polearms
 * Level 4.0 Dodging
 * Level 3.9 Stealth
 * Level 10.2 Spellcasting
 + Level 1.8 Conjurations
 + Level 2.5 Summonings
 * Level 5.0 Necromancy
 + Level 0.7 Translocations


You had 4 spell levels left.
You knew the following spells:

 Your Spells              Type           Power        Failure   Level  Hunger
a - Pain                  Necr           ####         1%          1    N/A
b - Blink                 Tloc           N/A          7%          2    N/A
c - Call Imp              Summ           ###.....     3%          2    N/A
d - Slow                  Hex            ##......     10%         2    N/A
e - Mephitic Cloud        Conj/Pois/Air  ##......     14%         3    N/A
f - Magic Dart            Conj           ###.         3%          1    N/A
g - Vampiric Draining     Necr           ####......   2%          3    N/A
h - Corpse Rot            Necr/Air       N/A          3%          2    N/A
i - Dispel Undead         Necr           ####....     8%          4    N/A
j - Animate Dead          Necr           N/A          8%          4    N/A

Your spell library contained the following spells:

 Spells                   Type           Power        Failure   Level  Hunger
 Animate Skeleton         Necr           N/A          1%          1    N/A
 Recall                   Summ/Tloc      N/A          10%         3    N/A
 Conjure Flame            Conj/Fire      ##......     13%         3    N/A
 Agony                    Necr           ####....     22%         5    N/A
 Aura of Abjuration       Summ           ###.......   52%         5    N/A
 Borgnjor's Vile Clutch   Necr/Erth      ###.......   52%         5    N/A
 Excruciating Wounds      Chrm/Necr      ###.......   52%         5    N/A
 Summon Demon             Summ           ###.......   52%         5    N/A
 Summon Forest            Summ/Tloc      ###.......   65%         5    N/A
 Summon Mana Viper        Hex/Summ       ###.....     71%         5    N/A
 Shadow Creatures         Summ           N/A          98%         6    N/A

Dungeon Overview and Level Annotations

Branches:
Dungeon (7/15)             Temple (0/1) D:4           Sewer (visited)

Altars:
Elyvilon
Fedhas
Kikubaaqudgha
Qazlal
Xom
Yredelemnul
Zin

Annotations:
D:7 exclusion: 4 doors


Innate Abilities, Weirdness & Mutations

You do not eat or drink.
Your flesh is vulnerable to fire.
You are immune to poison.
Your flesh is cold resistant. (rC+)
You are immune to negative energy. (rN+++)
You are immune to unholy pain and torment.
You can survive without breathing.


Message History

You feel life coursing into your body.
The two-headed ogre is engulfed in noxious fumes.
The two-headed ogre hits you with a +0 giant club!!
* * * LOW HITPOINT WARNING * * *
The two-headed ogre hits you with a +0 giant club.
* * * LOW HITPOINT WARNING * * *
The two-headed ogre is engulfed in noxious fumes.
Casting: Vampiric Draining (safe; 2% risk of failure)
Confirm with . or Enter, or press ? or * to list all spells.
Aiming: Vampiric Draining (safe; 2% risk of failure)
Press: ? - help, Shift-Dir - straight line, f/p - two-headed ogre
Aim: a two-headed ogre, wielding two +0 giant clubs (noxious fumes, severely wounded)
The two-headed ogre is almost dead.
You feel life coursing into your body!
The two-headed ogre is engulfed in noxious fumes.
The two-headed ogre hits you with a +0 giant club!!
* * * LOW HITPOINT WARNING * * *
The two-headed ogre hits you with a +0 giant club!
You die...
Kikubaaqudgha rasps: "You have failed me!
Welcome... oblivion!"

###.# ##.....###
### ##..# ##....##
##..###....##
.#.%##.....##
....O....#..## ###
#.......####.###.#
#..##...# ##○..##
#.###...# ##○○##
.## ##..# ##O@# .#
#[..# #.##..# .>#
#...# #.. ### ..#
.... ...# . ..
##.. .. .. ##. ##
. .


You could see a two-headed ogre.

Vanquished Creatures
  Sigmund (D:5)
  A water moccasin (D:7)
  4 sky beasts
  A black bear (D:6)
  3 ice beasts
  2 orc warriors (D:6)
  An ogre (D:5)
  3 centaurs
  A scorpion (D:7)
  3 wights (D:6)
  A crimson imp (D:7)
  A centaur zombie (D:6)
  2 hounds
  An orc priest (D:5)
  A bullfrog skeleton (D:4)
  2 iguanas
  8 orc wizards
  3 worker ants
  A hound zombie (D:7)
  A worker ant zombie (D:6)
  5 gnolls
  12 adders
  2 shadow imps
  An ooze (D:1)
  2 adder zombies
  An adder skeleton (D:7)
  2 worms (D:3)
  2 dart slugs
  4 leopard geckos
  18 orcs
  7 ball pythons
  6 bats
  3 giant cockroaches
  9 hobgoblins
  10 jackals
  12 kobolds
  3 quokkas
  13 frilled lizards
  A giant cockroach zombie (D:6)
  2 gnoll zombies (D:2)
  10 goblins
  A quokka skeleton (D:7)
  6 rats
173 creatures vanquished.

Vanquished Creatures (collateral kills)
  A vampire mosquito (D:7)
  A phantom (D:5)
  A scorpion (D:4)
  A wight (D:6)
  A crimson imp (D:5)
  An orc priest (D:4)
  A hound (D:4)
  Jessica (D:3)
  Terence (D:3)
  3 worker ants (D:4)
  Robin (D:3)
  4 adders
  A worm (D:3)
  9 orcs
  A bat (D:3)
  2 goblins
  2 hobgoblins (D:3)
  2 kobolds
34 creatures vanquished.

Vanquished Creatures (others)
  5 dream sheep (D:7)
  An orc (D:4)
  7 plants
13 creatures vanquished.

Grand Total: 220 creatures vanquished

Notes
Turn   | Place    | Note
-------+----------+-------------------------------------------
     0 | D:1      | BlueFish the Mummy Wizard began the quest for the Orb.
     0 | D:1      | Reached XP level 1. HP: 13/13 MP: 5/5
   480 | D:1      | Reached XP level 2. HP: 19/19 MP: 1/7
   485 | D:1      | Learned a level 2 spell: Blink
   488 | D:1      | Learned a level 2 spell: Call Imp
   491 | D:1      | Learned a level 2 spell: Slow
  1166 | D:1      | Reached skill level 5 in Spellcasting
  1230 | D:1      | Reached XP level 3. HP: 25/25 MP: 5/9
  1235 | D:1      | Learned a level 3 spell: Mephitic Cloud
  1426 | D:1      | Reached skill level 1 in Conjurations
  1836 | D:2      | Reached skill level 1 in Fighting
  1937 | D:2      | Found an ancient bone altar of Kikubaaqudgha.
  2321 | D:2      | Found a basalt altar of Yredelemnul.
  3203 | D:3      | Noticed Jessica
  3211 | D:3      | Killed Jessica
  3211 | D:3      | Reached XP level 4. HP: 32/32 MP: 3/11
  3457 | D:3      | Found a white marble altar of Elyvilon.
  3458 | D:3      | Found a glowing silver altar of Zin.
  4210 | D:3      | Noticed Terence
  4241 | D:3      | Killed Terence
  4241 | D:3      | Reached skill level 1 in Summonings
  4294 | D:3      | Reached XP level 5. HP: 37/37 MP: 5/13
  4515 | D:3      | Reached skill level 6 in Spellcasting
  4518 | D:3      | Noticed Robin
  4528 | D:3      | Killed Robin
  5131 | D:4      | Found a staircase to the Ecumenical Temple.
  5412 | D:2      | Became a worshipper of Kikubaaqudgha
  5741 | D:4      | Reached XP level 6. HP: 21/44 MP: 7/15
  6916 | D:5      | Entered Level 5 of the Dungeon
  6937 | D:5      | Reached skill level 7 in Spellcasting
  6985 | D:5      | Reached * piety under Kikubaaqudgha
  6985 | D:5      | Identified Kikubaaqudgha's Almanac of Unholy Arts
                  | (Kikubaaqudgha gifted it to you on level 5 of the Dungeon)
  6985 | D:5      | Received a gift from Kikubaaqudgha
  6997 | D:5      | Reached XP level 7. HP: 21/50 MP: 1/17
  7000 | D:5      | Learned a level 1 spell: Pain
  7004 | D:5      | Learned a level 3 spell: Vampiric Draining
  7007 | D:5      | Learned a level 2 spell: Corpse Rot
  7535 | D:5      | Reached skill level 1 in Necromancy
  7743 | D:5      | Noticed Sigmund
  7752 | D:5      | Killed Sigmund
  7871 | D:5      | Reached skill level 8 in Spellcasting
  7883 | D:5      | Reached XP level 8. HP: 18/57 MP: 6/20
  8151 | D:5      | Reached skill level 1 in Short Blades
  8265 | D:5      | Found a blossoming altar of Fedhas.
  8807 | D:6      | Found a glowing drain.
  8816 | Sewer    | Entered a sewer
  9929 | D:6      | Reached skill level 9 in Spellcasting
  9977 | D:6      | Reached skill level 1 in Polearms
 10084 | D:6      | Reached ** piety under Kikubaaqudgha
 10463 | D:6      | Reached XP level 9. HP: 60/64 MP: 9/22
 11032 | D:7      | Found a stormy altar of Qazlal.
 11490 | D:7      | Reached skill level 10 in Spellcasting
 11662 | D:7      | Found a shimmering altar of Xom.
 11741 | D:7      | Noticed a deep elf mage
 11789 | D:7      | Reached *** piety under Kikubaaqudgha
 11789 | D:7      | Identified Kikubaaqudgha's Guide on Necromancy
                  | (Kikubaaqudgha gifted it to you on level 7 of the Dungeon)
 11789 | D:7      | Received a gift from Kikubaaqudgha
 11796 | D:7      | Learned a level 4 spell: Dispel Undead
 11801 | D:7      | Learned a level 4 spell: Animate Dead
 11977 | D:7      | Reached skill level 5 in Necromancy
 12087 | D:7      | Noticed a two-headed ogre
 12087 | D:7      | Noticed a gargoyle
 12259 | D:7      | HP: 3/65 [two-headed ogre/+0 giant club (19)]
 12259 | D:7      | Mangled by a two-headed ogre

Levels and vault maps discovered:
D:1:      dpeg_arrival_tiny_d, layout_loops_ring, minmay_lizard_king
D:2:      layout_basic, nicolae_overflow_hidden_temple,
          lemuel_zombie_altar_yredelemnul, kennysheep_cross_bottleneck
D:3:      layout_basic, gammafunk_temple_overflow_pools, uniq_terence,
          uniq_robin, uniq_jessica
D:4:      layout_loops_ring, minmay_temple_entry_stoned_glass,
          minmay_quadrilaterals
D:5:      layout_basic, first_ration, fedhas_altar_2, uniq_sigmund
D:6:      layout_cave_pools, portal_sewer_entry_d
D:7:      minmay_the_grid_plus [minmay_the_grid_paths, minmay_the_grid_embedded,
          minmay_the_grid_garden, minmay_the_grid_eight,
          minmay_the_grid_prize_four_corners], layout_layer_cave,
          lemuel_doored_altar, nicolae_tso_besieged_by_evil,
          kb_xom_exploding_sheep, basic_altar

Skill      XL: |  1  2  3  4  5  6  7  8  9 |
---------------+----------------------------+-----
Spellcasting   | 5 6 7 8 9 10 | 10.2
Conjurations   | 1 |  1.8
Fighting       | 1 2 3 |  3.9
Dodging        | 2 3 4 |  4.0
Summonings     | 1 2 |  2.5
Stealth        | 2 3 |  3.9
Necromancy     | 2 4 5 |  5.0
Short Blades   | 1 |  1.0
Polearms       | 1 2 |  2.3
Translocations | |  0.7

Action                   |  1- 3 |  4- 6 |  7- 9 || total
-------------------------+-------+-------+-------++-------
Melee: Short sword       |    23 |    92 |       ||   115
       Dagger            |       |   126 |    35 ||   161
       Scythe            |       |       |   179 ||   179
 Cast: Magic Dart        |    91 |    90 |    18 ||   199
       Call Imp          |    14 |    44 |    11 ||    69
       Mephitic Cloud    |       |     1 |     6 ||     7
       Pain              |       |       |   100 ||   100
       Vampiric Draining |       |       |    54 ||    54
  Use: Scroll            |     4 |     1 |     3 ||     8
 Stab: Sleeping          |       |       |     4 ||     4
       Distracted        |       |       |     2 ||     2
Armor: Robe              |    11 |    42 |    80 ||   133
Dodge: Dodged            |    38 |   114 |   189 ||   341

Table legend:
 A = Non-vault XP
 B = Vault XP
 C = Vault XP percentage of total XP
 D = Non-vault monster count
 E = Vault monster count
 F = Vault count percentage of total count
                 A         B        C        D         E       F
            +---------+---------+-------+---------+---------+-------
      Total |    2913 |    1221 |  29.5 |     149 |      59 |  28.4
            +---------+---------+-------+---------+---------+-------
        D:1 |      51 |       9 |  15.0 |      26 |       7 |  21.2
        D:2 |      21 |       2 |   8.7 |       8 |       2 |  20.0
        D:3 |     124 |      59 |  32.2 |      34 |      10 |  22.7
        D:4 |     271 |      73 |  21.2 |      19 |       4 |  17.4
        D:5 |     908 |     212 |  18.9 |      19 |       1 |   5.0
        D:6 |    1310 |      13 |   1.0 |      32 |       1 |   3.0
        D:7 |     228 |     781 |  77.4 |      11 |      13 |  54.2
      Sewer |       0 |      72 | 100.0 |       0 |      21 | 100.0
            +---------+---------+-------+---------+---------+-------
